 Dungeon Crawl Stone Soup version 0.30-a0-620-g0e44632947 (console) character file.

Game seed: 5568776849990165556

2317 Ignak the Trooper (level 9, 0/92 HPs)
             Began as an Ogre Hedge Wizard on Jan 10, 2023.
             Was a Believer of Okawaru.
             Slain by an orc warlord
             ... wielding a +4 broad axe
              (25 damage)
             ... in a bailey.
             The game lasted 00:18:07 (6892 turns).

Ignak the Trooper (Ogre Hedge Wizard)               Turns: 6892, Time: 00:18:08

Health: 0/92       AC:  7    Str: 20    XL:     9   Next: 41%
Magic:  2/17       EV: 11    Int: 19    God:    Okawaru [**....]
Gold:   323        SH:  0    Dex:  8    Spells: 13/19 levels left

rFire   . . .      SeeInvis +    a - +12 spear {drain, Int+4 SInv Stlth+}
rCold   . . .      Faith    +    (no shield)
rNeg    . . .      Spirit   .    D - +0 robe
rPois   .          Reflect  .    c - +0 hat
rElec   .          Harm     .    (no cloak)
rCorr   .          Rampage  .    (gloves unavailable)
Will    .....                    (boots unavailable)
Stlth   ++++                     E - amulet of faith
HPRegen 0.35/turn                l - ring of flight
MPRegen 0.15/turn                w - ring of wizardry

@: mighty, heroic, flying
A: large, unfitting armour, tough skin 1, hooves 1, iridescent scales 2
a: Renounce Religion, Heroism


You were in a bailey.
You worshipped Okawaru.
Okawaru was pleased with you.
You visited 2 branches of the dungeon, and saw 8 of its levels.
You also visited: Sewer and Bailey.

You collected 323 gold pieces.

Inventory:

Hand Weapons
 a - the +12 spear of Debt (weapon) {drain, Int+4 SInv Stlth+}
   (You found it on level 3 of the Dungeon)

   Int:       It affects your intelligence (+4).
   SInv:      It lets you see invisible.
   Stlth:     It makes you more stealthy.
 b - the +0 sling of the Gazing Whale {drain, rC+ rN+ Dex-5}
   (You found it on level 3 of the Dungeon)

   Dex:       It affects your dexterity (-5).
   rC:        It protects you from cold.
   rN:        It protects you from negative energy.
Missiles
 x - 6 atropa-tipped darts
 z - a throwing net
 C - 8 poisoned darts (quivered)
Armour
 c - a +0 hat (worn)
 D - a +0 robe (worn)
Jewellery
 l - a ring of flight (left hand)
 w - a ring of wizardry (right hand)
 E - an amulet of faith (around neck)
Wands
 y - a wand of paralysis (1)
Scrolls
 e - a scroll of acquirement {unknown}
 i - 5 scrolls of poison {unknown}
 j - 2 scrolls of magic mapping
 m - 4 scrolls of teleportation {unknown}
 n - a scroll of enchant weapon
 o - a scroll of silence
 p - a scroll of amnesia
 s - 2 scrolls of enchant armour
 u - 2 scrolls of butterflies
 A - a scroll of fog
Potions
 d - 2 potions of magic
 f - 5 potions of might
 g - 2 potions of mutation
 h - 3 potions of curing
 k - a potion of heal wounds
 q - a potion of lignification {unknown}
 r - a potion of brilliance {unknown}
 t - a potion of berserk rage {unknown}
 v - 2 potions of invisibility {unknown}
 B - 3 potions of attraction {unknown}
 G - 2 potions of cancellation
 H - a potion of resistance {unknown}


   Skills:
 + Level 6.5(11.5) Fighting
 - Level 2.8(9.0) Axes
 - Level 0.2(6.5) Maces & Flails
 + Level 4.3(9.7) Polearms
 + Level 2.3(7.3) Armour
 + Level 3.4(8.4) Dodging
 - Level 1.4(6.4) Stealth
 - Level 1.0(6.0) Unarmed Combat
 + Level 5.6 Spellcasting
 + Level 3.6 Conjurations
 - Level 0.9 Summonings
 - Level 2.0 Translocations
 - Level 2.0 Air Magic
 - Level 2.0 Poison Magic
 * Level 4.6 Invocations


You had 13 spell levels left.
You knew the following spells:

 Your Spells              Type           Power      Damage    Failure   Level
a - Magic Dart            Conj           76%        1d6       1%          1
b - Blink                 Tloc           24%        N/A       3%          2
d - Mephitic Cloud        Conj/Pois/Air  15%        N/A       4%          3

Your spell library contained the following spells:

 Spells                   Type           Power      Damage    Failure   Level
 Freeze                   Ice            20%        1d4       4%          1
 Slow                     Hex            20%        N/A       4%          1
 Cigotuvi's Dreadful Rot  Necr/Pois/Air  20%        N/A       4%          2
 Vhi's Electric Charge    Tloc/Air       24%        N/A       6%          3
 Hailstorm                Conj/Ice       12%        3d5       7%          3
 Frozen Ramparts          Ice            10%        1d2       14%         3
 Arcjolt                  Conj/Air       8%         1d18      38%         5
 Maxwell's Capacitive Co  Air            6%         ∞         100%        8
 Call Imp                 Summ           Unusable   N/A       N/A         2

Dungeon Overview and Level Annotations

Branches:
Dungeon (7/15)             Temple (1/1) D:4           Sewer (visited)
 Bailey (1/1)

Altars:
Cheibriados
Fedhas
Hepliaklqana
Kikubaaqudgha
Okawaru
Ru
Sif Muna
Uskayaw
Zin
The Shining One
Jiyva

Shops:
D:2 [   D:4 :

Annotations:
D:6 Pikel


Innate Abilities, Weirdness & Mutations

You are too large for most types of armour.
You have tough skin. (AC +1)
You have large cloven feet.
You are mostly covered in iridescent scales. (AC +4)


Message History

Things that are here:
a +0 hand axe; a +0 leather armour You feel very mighty all of a sudden.
The orc warlord chortles and stares into space.
You gain the combat prowess of a mighty hero.
The orc warlord seems less confused.
Things that are here:
a +0 hand axe; a +0 leather armour
There is an open door here.
Reach: a) +12 spear {drain, Int+4 SInv Stlth+}
Press: ? - help, Dir - move target, f/p - orc warlord
Aim: an orc warlord, wielding a +4 broad axe and wearing a +0 chain mail (lightly wounded, lightly drained, about 20% to evade the +12 spear of Debt)
You reach to attack!
You hit the orc warlord.
The orc warlord is lightly wounded.
Press: ? - help, v - describe, . - travel
Here: an orc warlord, wielding a +4 broad axe and wearing a +0 chain mail (lightly wounded, lightly drained)
An open door.
Aiming: Paralyse
Press: ? - help, Shift-Dir - straight line, f/p - orc warlord
Aim: an orc warlord, wielding a +4 broad axe and wearing a +0 chain mail (lightly wounded, lightly drained, chance to affect: 22%)
Okay, then.
Aiming: Paralyse
Press: ? - help, Shift-Dir - straight line, f/p - orc warlord
Aim: an orc warlord, wielding a +4 broad axe and wearing a +0 chain mail (lightly wounded, lightly drained, chance to affect: 22%)
The orc warlord resists with almost no effort.
The orc warlord hits you with a +4 broad axe!!
* * * LOW HITPOINT WARNING * * *
A hobgoblin comes into view. It is wielding a +0 hand axe.
You feel much better.
The hobgoblin shouts!
The orc warlord misses you.
Aiming: Paralyse
Press: ? - help, Shift-Dir - straight line, f/p - orc warlord
Aim: an orc warlord, wielding a +4 broad axe and wearing a +0 chain mail (lightly wounded, lightly drained, chance to affect: 22%)
The orc warlord resists with almost no effort.
The orc warlord hits you with a +4 broad axe!
* * * LOW HITPOINT WARNING * * *
The orc warlord attacks as you move away!
The orc warlord hits you with a +4 broad axe!!
You die...

....#...o.......#
....'...........#
...g#.)...⌠.....#
....#...).......#
....#...........#
...###....)..).###
♣♣♣♣♣♣ .##
###.....#'#.### ♣♣♣.♣♣.♣
#
###.###.o...###♣.♣....♣♣
###....@....##.......♣♣
#...........#........♣
#.......)...'.......♣
#....g⌠.))..'..∩.∩!.♣
#......).)..'.......♣
#...........#........♣
##.........##.......♣♣
###.....###♣.♣.....♣
#+#.### ♣♣♣♣.♣♣♣♣


You could see an orc warlord (drained) and a hobgoblin.

Vanquished Creatures
  An unseen horror (D:7)
  Grinder (D:5)
  3 ice beasts
  An orc warrior (Bailey)
  A centaur (D:7)
  A phantom (D:4)
  2 lemures (D:7)
  2 bullfrogs
  2 scorpions
  2 water moccasin zombies (D:4)
  A water moccasin skeleton (D:4)
  2 bullfrog zombies (D:4)
  An orc priest (D:5)
  A bullfrog skeleton (D:4)
  6 hounds
  3 jellies
  2 scorpion zombies (D:4)
  3 hound zombies (D:4)
  17 gnolls
  15 adders
  4 river rats
  A shadow imp (D:5)
  A white imp (D:6)
  An ufetubus (D:5)
  An adder zombie (D:4)
  A worm (D:6)
  A dart slug (D:2)
  9 orcs
  16 ball pythons
  An endoplasm (D:1)
  5 giant cockroaches
  9 goblins
  7 hobgoblins
  4 jackals (D:5)
  7 kobolds
  5 quokkas
  3 bats
  8 frilled lizards
  A quokka zombie (D:4)
  6 rats
158 creatures vanquished.

Vanquished Creatures (others)
  A fungus (D:1)
  19 plants
20 creatures vanquished.

Grand Total: 178 creatures vanquished

Notes
Turn   | Place    | Note
-------+----------+-------------------------------------------
     0 | D:1      | Ignak the Ogre Hedge Wizard began the quest for the Orb.
     0 | D:1      | Reached XP level 1. HP: 16/16 MP: 5/5
     6 | D:1      | Noticed a salamander
     6 | D:1      | Noticed a hog
     7 | D:1      | Noticed a scorpion
   125 | D:1      | Found a faded altar of an unknown god.
   545 | D:1      | Reached skill level 1 in Fighting
   545 | D:1      | Reached XP level 2. HP: 21/27 MP: 3/6
  1298 | D:2      | Reached skill level 2 in Fighting
  1442 | D:2      | Reached skill level 1 in Axes
  1444 | D:2      | Reached XP level 3. HP: 31/35 MP: 8/8
  1447 | D:2      | Learned a level 2 spell: Blink
  1451 | D:2      | Learned a level 3 spell: Mephitic Cloud
  1633 | D:2      | Found Femou's Armour Boutique.
  2021 | D:2      | Reached skill level 3 in Fighting
  2127 | D:2      | Reached XP level 4. HP: 45/45 MP: 9/9
  2665 | D:3      | Found a glowing silver altar of Zin.
  2728 | D:3      | Reached skill level 4 in Fighting
  2728 | D:3      | Reached XP level 5. HP: 48/54 MP: 5/10
  2908 | D:3      | Reached skill level 1 in Conjurations
  2908 | D:3      | Reached skill level 1 in Translocations
  3308 | D:3      | Identified the +12 spear of Debt {drain, Int+4 SInv Stlth+}
  3379 | D:3      | Identified the +0 sling of the Gazing Whale {drain, rC+ rN+
                  | Dex-5}
  3616 | D:3      | Found a hide-covered altar of Uskayaw.
  3742 | D:4      | Reached skill level 1 in Polearms
  3762 | D:4      | Found Wuqemeg's Tremendous Tomes.
  3818 | D:4      | Reached XP level 6. HP: 63/63 MP: 11/11
  3906 | D:4      | Reached skill level 1 in Unarmed Combat
  3947 | D:4      | Reached XP level 7. HP: 40/71 MP: 13/13
  3969 | D:4      | Reached skill level 5 in Fighting
  4343 | D:4      | Found a staircase to the Ecumenical Temple.
  4353 | Temple   | Entered the Ecumenical Temple
  4368 | Temple   | Became a worshipper of Warmaster Okawaru
  4688 | D:5      | Entered Level 5 of the Dungeon
  4706 | D:5      | Found a shimmering blue altar of Sif Muna.
  4744 | D:5      | Reached skill level 1 in Invocations
  4982 | D:5      | Noticed Grinder
  5013 | D:5      | Killed Grinder
  5014 | D:5      | Reached skill level 1 in Armour
  5014 | D:5      | Reached skill level 1 in Air Magic
  5014 | D:5      | Reached skill level 1 in Poison Magic
  5014 | D:5      | Reached XP level 8. HP: 39/81 MP: 13/15
  5151 | D:5      | Reached * piety under Okawaru
  5291 | D:5      | Found a hazy altar of Hepliaklqana.
  5623 | D:5      | Gained mutation: You have large cloven feet. [potion of
                  | mutation]
  5623 | D:5      | Gained mutation: You are partially covered in iridescent
                  | scales. (AC +2) [potion of mutation]
  5623 | D:5      | Gained mutation: You are mostly covered in iridescent
                  | scales. (AC +4) [potion of mutation]
  5702 | D:6      | Reached skill level 5 in Spellcasting
  5713 | D:6      | Found a glowing drain.
  5739 | Sewer    | Entered a sewer
  6236 | D:6      | Reached ** piety under Okawaru
  6243 | D:6      | Reached skill level 6 in Fighting
  6268 | D:6      | Found a snail-covered altar of Cheibriados.
  6333 | D:6      | Found a sacrificial altar of Ru.
  6396 | D:6      | Found a blossoming altar of Fedhas.
  6481 | D:6      | Noticed Pikel
  6489 | D:6      | Reached XP level 9. HP: 78/89 MP: 16/16
  6611 | D:7      | Noticed an unseen horror
  6615 | D:7      | Killed an unseen horror
  6631 | D:7      | Found an ancient bone altar of Kikubaaqudgha.
  6647 | D:7      | Found a flagged portal.
  6667 | Bailey   | Entered a bailey
  6861 | Bailey   | Noticed an orc warlord
  6892 | Bailey   | Slain by an orc warlord

Illustrated notes

Levels and vault maps discovered:
D:1:      onia_arrival_zoo_common, layout_basic,
          shapermc_ecumenical_altar_acropolis, columned_hall_lemuel,
          hangedman_feature_mirror
D:2:      layout_loops_ring, serial_forest, infiniplex_forest_end_2,
          infiniplex_forest_straight_4, infiniplex_forest_straight_2,
          infiniplex_forest_clump_curved, infiniplex_forest_straight_2,
          infiniplex_forest_clump_C, serial_shops, shop_fountains,
          hangedman_decor_peaks_small, minmay_snake_closets
D:3:      layout_basic, nicolae_uskayaw_dance_hall, zin_statuary
D:4:      layout_rooms, minmay_temple_entry_nine_rooms, serial_undead,
          serial_undead_a, serial_undead_a, serial_undead_c, serial_undead_d,
          serial_undead_e, serial_undead_c, nicolae_shop_i_like_big_books,
          kennysheep_pointless_box
D:5:      layout_cave_pods, general_overflow_altar,
          nicolae_hepliaklqana_hippocampus, grunt_decor_fettered,
          chequers_serial_rivers_room_b, grunt_decor_resistance, uniq_grinder
D:6:      layout_basic, marbit_many_paths, fedhas_altar_decomposition,
          nicolae_ru_sacrificial_ziggurat, portal_sewer_entry_a, uniq_pikel
D:7:      hangedman_cross_stitches, layout_cave_pools, lemuel_round_altar,
          vehumet_statue, nicolae_elyvilon_temple_path, enter_bailey_1,
          serial_gnoll_camp, gnoll_camp_mini_basic, gnoll_camp_mini_sergeant,
          gnoll_camp_mini_hut, gnoll_camp_mini_hut, gnoll_camp_medium_01,
          gnoll_camp_mini_loothouse, serial_park_tiny_1
Temple:   pf_slime_end_temple
Bailey:   bailey_axe_minmay_hex_keep, bailey

Skill      XL: |  1  2  3  4  5  6  7  8  9 |
---------------+----------------------------+-----
Fighting       | 1 2 3 4 5 6 |  6.5
Axes           | 1 2 |  2.8
Conjurations   | 1 2 3 |  3.6
Translocations | 1 2 |  2.0
Polearms       | 1 2 3 4 |  4.3
Spellcasting   | 4 5 |  5.6
Unarmed Combat | 1 |  1.0
Dodging        | 2 3 |  3.4
Invocations    | 1 3 4 |  4.6
Armour         | 1 2 |  2.3
Air Magic      | 1 2 |  2.0
Poison Magic   | 1 2 |  2.0
Maces & Flails | |  0.2
Stealth        | |  1.4
Summonings     | |  0.9

Action                   |  1- 3 |  4- 6 |  7- 9 || total
-------------------------+-------+-------+-------++-------
Melee: Dagger            |    88 |       |       ||    88
       Hand axe          |    57 |       |       ||    57
       Mace              |     2 |       |       ||     2
       Punch             |     2 |     1 |     2 ||     5
       War axe           |     9 |   103 |       ||   112
       Spear             |       |    47 |   236 ||   283
       Kick              |       |       |    20 ||    20
 Cast: Magic Dart        |    10 |       |       ||    10
       Mephitic Cloud    |     1 |     3 |     6 ||    10
       Blink             |       |     1 |     3 ||     4
Invok: Heroism           |       |       |     1 ||     1
Evoke: Wand              |       |       |     4 ||     4
  Use: Scroll            |       |     4 |     8 ||    12
       Potion            |       |       |     8 ||     8
 Stab: Sleeping          |     1 |     5 |    17 ||    23
       Confused          |       |     2 |       ||     2
       Paralysed         |       |       |     2 ||     2
Armor: Robe              |    84 |    49 |    63 ||   196
Dodge: Dodged            |   115 |    87 |    87 ||   289

Table legend: (Time is in decaauts)
 A = Elapsed time spent in this place.
 B = Non-inter-level travel time spent in this place.
 C = Inter-level travel time spent in this place.
 D = Time resting spent in this place.
 E = Time spent auto-exploring this place.
 F = Levels seen in this place.
 G = Mean time per level.
                   A        B        C        D        E       F      G
               +--------+--------+--------+--------+--------+-----+--------+
         Total |   6923 |   6817 |    106 |    763 |   4030 |  10 |  692.3 |
       Dungeon |   6363 |   6270 |     93 |    714 |   3825 |   7 |  909.0 |
        Temple |     28 |     15 |     13 |      0 |      8 |   1 |   28.0 |
         Sewer |    309 |    309 |      0 |      0 |    114 |   1 |  309.0 |
        Bailey |    221 |    221 |      0 |     49 |     83 |   1 |  221.0 |
               +--------+--------+--------+--------+--------+-----+--------+

Top non-repeatable levels by time:
     D:2: 1416 daAuts
     D:1: 1286 daAuts
     D:3: 1074 daAuts
     D:5: 975 daAuts
     D:4: 935 daAuts
     D:6: 510 daAuts
   Sewer: 309 daAuts
  Bailey: 221 daAuts
     D:7: 165 daAuts
  Temple: 28 daAuts
